 Dungeon Crawl Stone Soup version 0.30.1-5-ged363bc7ee (webtiles) character file.

Game seed: 18245240792979479160

4508 Kurtz the Cleaver (level 10, 56/56 HPs)
             Began as a Tengu Fighter on Sept 19, 2023.
             Quit the game on level 7 of the Dungeon.
             The game lasted 00:12:05 (7244 turns).

Kurtz the Cleaver (Tengu Fighter)                   Turns: 7244, Time: 00:12:06

Health: 56/56      AC: 11    Str: 18    XL:     10   Next: 39%
Magic:  11/11      EV:  4    Int:  8    God:
Gold:   752        SH: 24    Dex: 17    Spells: 9/9 levels left

rFire   . . .        f - +0 hand axe (venom)
rCold   . . .        o - +2 tower shield
rNeg    . . .        t - +0 plate armour
rPois   .            (helmet restricted)
rElec   .            (no cloak)
rCorr   .            (no gloves)
SInv    .            (boots unavailable)
Will    .....        u - amulet of reflection Stlth
                     w - +4 ring of slaying
HPRegen 0.29/turn    (no ring)
MPRegen 0.12/turn

%: reflection
@: flying quickly and evasively, quick
A: beak, talons 3, nimble flight
a: no special abilities


You were on level 7 of the Dungeon.
You visited 2 branches of the dungeon, and saw 9 of its levels.
You also visited: Ossuary.

You collected 752 gold pieces.

Inventory:

Hand Weapons
 a - a +0 war axe
 f - a +0 hand axe of venom (weapon)
 x - a +2 flail of holy wrath
 y - a +0 whip of flaming
Missiles
 L - 3 poisoned darts (quivered)
Armour
 b - a +2 leather armour of fire resistance
 n - a +0 chain mail
 o - a +2 tower shield (worn)
 t - a +0 plate armour (worn)
Jewellery
 u - an amulet of reflection (around neck)
 v - an amulet of guardian spirit
 w - a +4 ring of slaying (left hand)
Wands
 j - a wand of quicksilver (6)
 B - a wand of flame (33)
 C - a wand of paralysis (8)
 H - a wand of polymorph (14)
Scrolls
 g - 2 scrolls of fog
 h - 2 scrolls of teleportation
 k - 4 scrolls of blinking
 m - 3 scrolls of butterflies
 r - 3 scrolls of enchant weapon
 D - a scroll of magic mapping {unknown}
 I - a scroll of fear {unknown}
 J - 2 scrolls of identify
 K - a scroll of vulnerability {unknown}
Potions
 c - a potion of brilliance {unknown}
 d - 2 potions of might
 e - 2 potions of lignification
 i - a potion of heal wounds {unknown}
 l - 5 potions of attraction {unknown}
 p - a potion of invisibility {unknown}
 q - 3 potions of berserk rage
 s - 2 potions of mutation {unknown}
 z - 2 potions of flight {unknown}
 A - 3 potions of curing {unknown}
 E - a potion of resistance {unknown}
 F - a potion of haste
 G - 3 potions of degeneration {unknown}


   Skills:
 * Level 3.2 Fighting
 * Level 12.1 Axes
 - Level 3.2 Armour
 * Level 10.5 Shields


You had 9 spell levels left.
You didn't know any spells.
Your spell library contained the following spells:

 Spells                   Type           Power      Damage    Failure   Level
 Beastly Appendage        Tmut           0%         N/A       100%        1
 Freeze                   Ice            0%         1d3       100%        1
 Magic Dart               Conj           0%         1d3       100%        1
 Searing Ray              Conj           0%         2d4       100%        2
 Static Discharge         Conj/Air       0%         2-2/arc   100%        2
 Frozen Ramparts          Ice            0%         1d1       100%        3
 Hailstorm                Conj/Ice       0%         3d3       100%        3
 Portal Projectile        Hex/Tloc       0%         N/A       100%        3
 Tukima's Dance           Hex            0%         N/A       100%        3
 Vhi's Electric Charge    Tloc/Air       0%         N/A       100%        3
 Airstrike                Air            0%         2d(0-16)  100%        4
 Fulminant Prism          Conj/Hex       0%         3d5       100%        4
 Summon Lightning Spire   Summ/Air       0%         N/A       100%        4
 Arcjolt                  Conj/Air       0%         1d10      100%        5
 Blade Hands              Tmut           0%         N/A       100%        5
 Irradiate                Conj/Tmut      0%         3d11      100%        5
 Dragon Form              Tmut           0%         N/A       100%        7
 Maxwell's Capacitive Co  Air            0%         ∞         100%        8


Dungeon Overview and Level Annotations

Branches:
Dungeon (8/15)             Temple (1/1) D:6            Lair (0/5) D:8
Ossuary (visited)

Altars:
Ashenzari
Cheibriados
Dithmenos
Fedhas
Gozag
Hepliaklqana
Kikubaaqudgha
Makhleb
Nemelex Xobeh
Qazlal
Ru
Sif Muna
Trog
Uskayaw
Vehumet
Wu Jian
Xom
Yredelemnul
Zin
The Shining One

Shops:
D:1 *   D:5 [   D:7 [

Annotations:
D:3 1 exclusion
D:5 Eustachio


Innate Abilities, Weirdness & Mutations

You have a beak for a mouth.
You have claws for feet.
Your magical nature lets you fly swiftly and evasively.


Message History

You peck the sky beast.
The sky beast is moderately wounded.
The orc priest mumbles some strange prayers to Beogh against you.
Beogh smites you! You block the sky beast's attack.
Unknown command.
You closely miss the sky beast. You claw the sky beast. You peck the sky beast.
The sky beast is heavily wounded.
An orc wizard comes into view. It is wielding a +0 dagger.
An orc comes into view. It is wielding a +0 hand axe.
You block the sky beast's attack.
You hit the sky beast. You claw the sky beast!
The sky beast is almost dead.
Something hits the plant.
The plant begins to die.
The orc warrior hits you from afar with a +0 glaive!
The orc wizard gestures wildly while chanting.
The orc wizard flickers and vanishes!
Deactivating autopickup; reactivate with Ctrl-A.
The sky beast hits you. The sky beast shocks you.
You are too injured to fight recklessly!
Unknown command.
You are too injured to fight recklessly!
You are too injured to fight recklessly!
Unknown command.
You are too injured to fight recklessly!
The orc hits something with a +0 club.
You kill the sky beast!
There is a stone staircase leading up here.
You fly upwards.
Reactivating autopickup.
There is a stone staircase leading down here.
There is a stone staircase leading down here.
You start resting.
HP restored.
You see here 3 poisoned darts.
L - 3 poisoned darts
(D) Dungeon (T) Temple (L) Lair
Where to? (Enter - D:8, ? - help)
Okay, then.
Search for what [Enter for "alt", or ? for help]? alt Are you sure you want to abandon this character and quit the game? (Confirm with "yes".)

####################......#.#...#
....##....................####..#
.....####...........##....# ####
.##.## #.............#...## ....#
##.>#.#........##..##
....###.....#.........#...#
.....##.......#.....#....##
.##..###...........##..###
.#..............@...####
).........#....>....#
).)∩......###.....###
..................#
.................##
...............###
...#...........##
.#.#............#
##......###...###


There were no monsters in sight!

Vanquished Creatures
  Pikel (D:6)
  A hornet (D:7)
  Sigmund (D:2)
  A wyvern (D:6)
  5 yaks (D:7)
  A steam dragon (D:7)
  Duvessa (D:4)
  A water moccasin (D:6)
  2 orc warriors
  2 black bears
  An ice beast (D:6)
  2 sky beasts
  An ogre (D:5)
  A centaur (D:6)
  A kobold brigand (D:7)
  A phantom (D:5)
  An elf zombie (Ossuary)
  2 scorpions
  2 bullfrogs
  Dowan (D:4)
  3 wights (D:7)
  A vampire bat (D:3)
  A howler monkey (D:6)
  2 hounds (D:6)
  4 orc priests
  4 jellies
  A sleepcap (D:7)
  7 orc wizards
  Natasha (D:2)
  3 iguanas
  Ijyb (D:5)
  2 mummies (Ossuary)
  7 adders
  3 shadow imps
  2 white imps
  4 ufetubi
  5 worms
  2 dart slugs (D:2)
  38 orcs
  5 endoplasms
  3 giant cockroaches
  2 gnoll zombies (Ossuary)
  5 hobgoblins
  4 jackals (D:1)
  10 kobolds
  3 quokkas
  6 ball pythons
  14 bats
  A frilled lizard (D:1)
  6 goblins
  A goblin zombie (Ossuary)
  7 hobgoblin zombies (Ossuary)
  3 orc zombies (Ossuary)
  6 rats
196 creatures vanquished.

Notes
Turn   | Place    | Note
-------+----------+-------------------------------------------
     0 | D:1      | Kurtz the Tengu Fighter began the quest for the Orb.
     0 | D:1      | Reached XP level 1. HP: 14/14 MP: 2/2
   215 | D:1      | Reached skill level 3 in Axes
   215 | D:1      | Reached XP level 2. HP: 19/19 MP: 3/3
   476 | D:1      | Found Osoeqikho's General Store.
   539 | D:1      | Reached XP level 3. HP: 23/23 MP: 4/4
   766 | D:2      | Reached skill level 4 in Axes
  1155 | D:2      | Reached XP level 4. HP: 28/28 MP: 5/5
  1279 | D:2      | Noticed Natasha
  1286 | D:2      | Killed Natasha
  1287 | D:2      | Reached skill level 5 in Axes
  1365 | D:2      | Noticed Sigmund
  1561 | D:3      | Found a faded altar of an unknown god.
  1674 | D:3      | Gained mutation: Your magical nature lets you fly swiftly
                  | and evasively. [Tengu growth]
  1674 | D:3      | Reached XP level 5. HP: 32/32 MP: 6/6
  1695 | D:3      | Found an opulent altar of Gozag.
  1695 | D:3      | Found a burning altar of Makhleb.
  2292 | D:4      | Reached skill level 6 in Axes
  2292 | D:4      | Reached XP level 6. HP: 31/37 MP: 7/7
  2315 | D:4      | Noticed Duvessa
  2315 | D:4      | Noticed Dowan
  2331 | D:5      | Entered Level 5 of the Dungeon
  2466 | D:5      | Found Roilidoiq's Antique Armour Shoppe.
  2489 | D:4      | Found an ornate altar of the Wu Jian Council.
  2512 | D:4      | Killed Duvessa
  2513 | D:4      | Killed Dowan
  2593 | D:4      | Reached XP level 7. HP: 41/41 MP: 8/8
  2898 | D:4      | Reached skill level 5 in Shields
  2917 | D:5      | Noticed Ijyb
  3134 | D:5      | Killed Ijyb
  3220 | D:5      | Reached skill level 7 in Axes
  3319 | D:5      | Noticed Eustachio
  3978 | D:2      | Killed Sigmund
  3979 | D:2      | Reached skill level 8 in Axes
  3979 | D:2      | Reached XP level 8. HP: 46/46 MP: 9/9
  4527 | D:6      | Found a bloodstained altar of Trog.
  4584 | D:6      | Noticed Pikel
  4602 | D:6      | Killed Pikel
  4603 | D:6      | Reached skill level 9 in Axes
  4603 | D:6      | Reached XP level 9. HP: 49/50 MP: 10/10
  4628 | D:6      | Found a sand-covered staircase.
  4632 | Ossuary  | Entered an ossuary
  4913 | D:6      | Found a shimmering blue altar of Sif Muna.
  4923 | D:6      | Got Sif Muna's Opusculum on Hyperborean Moulding
  4944 | D:6      | Found a staircase to the Ecumenical Temple.
  4962 | D:6      | Reached skill level 10 in Axes
  5006 | Temple   | Entered the Ecumenical Temple
  5430 | D:6      | Found a sparkling altar of Nemelex Xobeh.
  5704 | D:6      | Found a basalt altar of Yredelemnul.
  5704 | D:6      | Found a sacrificial altar of Ru.
  5898 | D:7      | Identified the +1 ring mail of the Vacuum {Str+2}
  5943 | D:7      | Reached skill level 11 in Axes
  6029 | D:7      | Reached XP level 10. HP: 17/56 MP: 11/11
  6243 | D:7      | Reached skill level 10 in Shields
  6255 | D:7      | Found an ancient bone altar of Kikubaaqudgha.
  6528 | D:7      | Found a runed translucent door.
  6578 | D:7      | Found Feiletia's Armour Boutique.
  6913 | D:7      | Reached skill level 12 in Axes
  7134 | D:8      | Found a staircase to the Lair.
  7244 | D:7      | Quit the game

Illustrated notes

Levels and vault maps discovered:
D:1:      dpeg_arrival_long_road, layout_basic, serial_shops,
          nicolae_shop_behind_doors
D:2:      layout_basic, kennysheep_another_room, kennysheep_generic_room_6,
          uniq_natasha, uniq_sigmund
D:3:      layout_basic, gammafunk_temple_overflow_statue,
          shapermc_ecumenical_altar_pompeii, roderic_batcave,
          grunt_decor_arrowhead
D:4:      layout_rooms, pdpol_wu_jian_five_deadly_venoms, uniq_duvessa
D:5:      layout_loops_ring, serial_shops, nicolae_shop_pleasant_corner_grove,
          uniq_ijyb, uniq_eustachio
D:6:      layout_loops_ring, nzn_overflow_gifts_of_might_and_magic,
          mainiacjoe_overflow_alcove_2, mainiacjoe_overflow_divided_tiny,
          minmay_temple_entry_statues_fountains, enter_ossuary_5, uniq_pikel
D:7:      layout_cave_pools, lemuel_round_altar, serial_shops, shop,
          lightli_church_of_beogh
D:8:      minmay_four_partial_circles, layout_gridville, lemuel_round_altar,
          okawaru_ov_weapons_minmay, erik_lair_orcish_takeover
Temple:   minmay_temple_curvy_loop

Skill      XL: |  1  2  3  4  5  6  7  8  9 10 |
---------------+-------------------------------+-----
Axes           | 3 4 5 6 8 9 11 12 | 12.1
Shields        | 4 6 7 9 10 | 10.5
Fighting       | |  3.2
Armour         | |  3.2

Action                     |  1- 3 |  4- 6 |  7- 9 | 10-12 || total
---------------------------+-------+-------+-------+-------++-------
  Melee: War axe           |    81 |    88 |    52 |       ||   221
         Kick              |    14 |    26 |    71 |    28 ||   139
         Peck              |    10 |    13 |    30 |    26 ||    79
         Unarmed           |       |       |    33 |       ||    33
         Flail             |       |       |    11 |       ||    11
         Hand axe          |       |       |   146 |    82 ||   228
  Evoke: Wand              |       |     2 |     3 |       ||     5
    Use: Scroll            |       |       |     7 |       ||     7
         Potion            |       |       |     1 |       ||     1
   Stab: Sleeping          |       |       |     1 |       ||     1
 Armour: Scale mail        |    14 |       |       |       ||    14
         Chain mail        |    15 |    43 |     1 |       ||    59
         Leather armour    |       |       |    11 |       ||    11
         Plate armour      |       |       |    38 |    15 ||    53
  Dodge: Dodged            |    33 |     7 |    34 |       ||    74
  Block: Buckler           |    20 |       |       |       ||    20
         Tower shield      |     5 |    98 |   183 |    87 ||   373
         Reflection        |       |     1 |     2 |     2 ||     5
         Other             |       |       |     2 |       ||     2
